 Dungeon Crawl Stone Soup version 0.16-a0-3724-gf14d081 (webtiles) character file.

6897 SkaryMonk the Spear-Bearer (level 10, -1/76 (77) HPs)
             Began as a Demigod Wanderer on Jan 20, 2015.
             Slain by a trapdoor spider (17 damage)
             ... on level 6 of the Lair of Beasts on Jan 21, 2015.
             The game lasted 00:50:56 (13441 turns).

SkaryMonk the Spear-Bearer (Demigod Wanderer)      Turns: 13441, Time: 00:50:56

HP:   -1/76 (77)    AC:  5    Str: 21    XL:     10   Next: 50%
MP:   17/17         EV: 18    Int: 18    God:
Gold: 676           SH:  0    Dex: 19    Spells: 0 memorised, 9 levels left

rFire  . . .     SeeInvis .     E - +1 halberd (venom)
rCold  + . .     Clarity  .     L - +1 leather armour of the Accordion {rPois+ rC+ Regen+ Str+4 Dex+2}
rNeg   . . .     SustAb   +     (no shield)
rPois  +         Gourm    .     (no helmet)
rElec  .         Spirit   .     (no cloak)
rCorr  .         Warding  .     (no gloves)
rMut   .         Stasis   .     (no boots)
MR     ++...                    (no amulet)
Stlth  ++........               y - ring of wizardry
                                R - ring of protection from magic

@: very resistant to hostile enchantments, unstealthy
A: sustain abilities
a: no special abilities


You were on level 6 of the Lair of Beasts.
You were not hungry.

You visited 2 branches of the dungeon, and saw 14 of its levels.

You collected 676 gold pieces.

Notes
Turn   | Place    | Note
--------------------------------------------------------------
     0 | D:1      | SkaryMonk, the Demigod Wanderer, began the quest for the Orb.
     0 | D:1      | SkaryMonk set off with: a +2 spear, a +0 ring mail, a scroll of teleportation, a +0 dagger, a bread ration
     0 | D:1      | Reached XP level 1. HP: 19/19 MP: 2/2
     0 | D:1      | Noticed an elf
     0 | D:1      | Noticed a gargoyle
     3 | D:1      | Noticed a centaur zombie
     5 | D:1      | Noticed a formicid zombie
     7 | D:1      | Noticed a human zombie
     8 | D:1      | Noticed a human zombie
    14 | D:1      | Noticed a human zombie
    16 | D:1      | Noticed a human
    18 | D:1      | Noticed a centaur skeleton
    19 | D:1      | Noticed a spriggan
    87 | D:1      | Reached skill level 1 in Polearms
   219 | D:1      | Reached XP level 2. HP: 20/26 MP: 3/3
  1035 | D:2      | Reached XP level 3. HP: 31/31 MP: 5/5
  1433 | D:2      | Reached XP level 4. HP: 36/39 MP: 7/7
  1885 | D:3      | Found a blossoming altar of Fedhas.
  1911 | D:3      | Found a shimmering altar of Xom.
  1927 | D:3      | Reached skill level 4 in Polearms
  2667 | D:4      | Reached XP level 5. HP: 17/45 MP: 8/8
  2849 | D:4      | Found Remo's Gadget Shoppe.
  2889 | D:3      | Noticed an ogre
  3136 | D:4      | Reached skill level 5 in Polearms
  3164 | D:4      | Noticed an ogre
  3611 | D:3      | Killed an ogre
  3679 | D:4      | Killed an ogre
  3679 | D:4      | Reached XP level 6. HP: 15/51 MP: 10/10
  3880 | D:4      | Reached skill level 6 in Polearms
  3929 | D:4      | Noticed Blork the orc
  3950 | D:4      | Killed Blork the orc
  4189 | D:4      | Found a sparkling altar of Nemelex Xobeh.
  4522 | D:5      | Entered Level 5 of the Dungeon
  4599 | D:5      | Reached skill level 7 in Polearms
  4669 | D:5      | Reached XP level 7. HP: 45/57 MP: 12/12
  5305 | D:5      | Noticed an angel
  5397 | D:5      | Found a staircase to the Ecumenical Temple.
  5423 | D:5      | Noticed a rust devil
  5441 | D:5      | Reached skill level 8 in Polearms
  6106 | D:5      | Upgraded the game from 0.16-a0-3714-geb26cbe to 0.16-a0-3724-gf14d081
  6708 | D:6      | Reached XP level 8. HP: 59/64 MP: 13/13
  6712 | D:6      | Noticed Sigmund
  6727 | D:6      | Killed Sigmund
  6727 | D:6      | Reached skill level 9 in Polearms
  7694 | D:6      | HP: 3/63 [orc warrior/long sword (13)]
  8349 | D:6      | Found a basalt altar of Yredelemnul.
  8602 | D:6      | Reached skill level 10 in Polearms
  9151 | D:7      | Noticed Edmund
  9169 | D:7      | Killed Edmund
  9327 | D:7      | Reached skill level 5 in Armour
  9446 | D:7      | Reached XP level 9. HP: 30/69 MP: 15/15
  9505 | D:7      | Noticed Duvessa
  9510 | D:7      | Noticed Dowan
  9556 | D:6      | HP: 3/103 [giant frog zombie (3)]
  9557 | D:6      | HP: 1/103 [giant frog zombie (3)]
 10258 | D:7      | Killed Duvessa
 10758 | D:7      | Killed Dowan
 10770 | D:7      | Found a glowing golden altar of the Shining One.
 10782 | D:7      | Found an opulent altar of Gozag.
 11219 | D:8      | Got an amber-encrusted leather armour
 11230 | D:8      | Identified the +1 leather armour of the Accordion {rPois+ rC+ Regen+ Str+4 Dex+2} (You found it on level 8 of the Dungeon)
 11261 | D:8      | Reached skill level 1 in Dodging
 11356 | D:8      | Noticed Eustachio
 11373 | D:8      | Killed Eustachio
 11686 | D:8      | Found a bloodstained altar of Trog.
 11686 | D:8      | Found a sacrificial altar of Ru.
 11719 | D:8      | Found a staircase to the Lair.
 11859 | Lair:1   | Entered Level 1 of the Lair of Beasts
 12062 | Lair:1   | Reached skill level 5 in Dodging
 12128 | Lair:1   | Reached XP level 10. HP: 73/76 MP: 17/17
 12419 | Lair:2   | Noticed an eight-headed hydra
 12445 | Lair:1   | Got a distressingly furry shield
 12898 | Lair:3   | Identified the +4 shield of the Orcish Mines {HP+9 Int+4} (You found it on level 1 of the Lair of Beasts)
 13441 | Lair:6   | Slain by a trapdoor spider

Inventory:

Hand weapons
 E - a +1 halberd of venom (weapon)
Missiles
 a - a throwing net
 F - 2 javelins (quivered)
Armour
 c - the +4 shield of the Orcish Mines {HP+9 Int+4}
   (You found it on level 1 of the Lair of Beasts)

   It affects your intelligence (+4).
   It affects your health (+9).
 L - the +1 leather armour of the Accordion (worn) {rPois+ rC+ Regen+ Str+4 Dex+2}
   (You found it on level 8 of the Dungeon)

   It affects your strength (+4).
   It affects your dexterity (+2).
   It protects you from cold.
   It protects you from poison.
   It increases your rate of regeneration.
Jewellery
 y - a ring of wizardry (right hand)
 R - a ring of protection from magic (left hand)
Magical devices
 t - a wand of cold (5)
 u - a wand of frost (4)
 v - a wand of magic darts (12)
 Q - a wand of slowing (33)
Scrolls
 g - 3 scrolls of random uselessness {unknown}
 h - a scroll of teleportation
 j - a scroll of noise {unknown}
 k - 3 scrolls of enchant armour {unknown}
 m - a scroll of fear {unknown}
 r - 4 scrolls of remove curse
 x - a scroll of enchant weapon {unknown}
 z - 3 scrolls of magic mapping {unknown}
 B - a scroll of blinking {unknown}
 H - a scroll of immolation {unknown}
 J - 2 scrolls of amnesia {unknown}
 N - 2 scrolls of recharging {unknown}
Potions
 e - 2 potions of brilliance
 s - 2 potions of flight
 w - a potion of magic
 A - a potion of resistance
 C - 2 potions of cure mutation
 G - a potion of lignification
 I - a potion of haste {unknown}
Books
 n - a book of Death

   Spells                             Type                      Level
   a - Corpse Rot                     Necromancy                   2
   b - Sublimation of Blood           Necromancy                   2
   c - Agony                          Necromancy                   5
   d - Dispel Undead                  Necromancy                   5
   e - Excruciating Wounds            Charms/Necromancy            5
   f - Bolt of Draining               Conjuration/Necromancy       5
 O - a book of Changes

   Spells                             Type                      Level
   a - Beastly Appendage              Transmutation                1
   b - Sticks to Snakes               Transmutation                2
   c - Spider Form                    Transmutation/Poison         3
   d - Ice Form                       Ice/Transmutation            4
   e - Blade Hands                    Transmutation                5
Miscellaneous
 p - a lamp of fire
Comestibles
 b - 2 chunks of flesh
 d - 11 fruits
 f - 7 bread rations
 i - 4 meat rations
 l - 2 poisonous chunks of flesh
 o - 2 slices of pizza
 q - 3 beef jerkies

Table legend:
 A = Turns spent in this place as a percentage of turns spent in the entire game.
 B = Non-inter-level travel turns spent in this place as a percentage of non-inter-level travel turns spent in the entire game.
 C = Inter-level travel turns spent in this place as a percentage of turns spent in this place.
 D = Turns resting spent in this place as a percentage of non-inter-level travel turns spent in this place.
 E = Turns spent auto-exploring this place as a percentage of non-inter-level travel turns spent in this place.
 F = Non-inter-level travel turns spent in this place divided by the number of levels of this place that you've seen.
                   A       B       C       D       E      F
               +-------+-------+-------+-------+-------+----------------------
         Total | 100.0 | 100.0 |   0.6 |   4.7 |   7.1 | 272.9
       Dungeon |  80.4 |  80.3 |   0.7 |   5.4 |   7.6 | 383.8
          Lair |  19.6 |  19.7 |   0.3 |   1.6 |   4.8 | 125.2
               +-------+-------+-------+-------+-------+----------------------


   Skills:
 - Level 3.6 Fighting
 - Level 10.0 Polearms
 - Level 1.0 Throwing
 - Level 7.8 Armour
 + Level 8.5 Dodging
 - Level 1.7 Stealth
 - Level 1.0 Shields


You had 9 spell levels left.
You didn't know any spells.

Dungeon Overview and Level Annotations

Branches:
Dungeon (8/15)             Temple (0/1) D:5            Lair (6/8) D:8
  Swamp: Lair:3-6    Shoals: Lair:3-6     Snake: Lair:3-6    Spider: Lair:3-6
  Slime: Lair:6-8

Shops:
D:4 }


Innate Abilities, Weirdness & Mutations

Your attributes are resistant to harm.


Message History

You feel sick. The trapdoor spider closely misses you.
You hit the trapdoor spider but do no damage.
The trapdoor spider looks even sicker.
The trapdoor spider is lightly wounded.
You feel sick. The trapdoor spider bites you! The trapdoor spider bites you!
You closely miss the trapdoor spider.
The trapdoor spider is moderately wounded.
You feel sick. The trapdoor spider bites you!
You closely miss the trapdoor spider.
The trapdoor spider is heavily wounded.
You feel sick.
The trapdoor spider completely misses you. x2
You hit the trapdoor spider.
The trapdoor spider is heavily wounded.
You feel sick. The trapdoor spider bites you!
Drink which item? (? for menu, Esc to quit)
You feel better. The trapdoor spider bites you!
* * * LOW HITPOINT WARNING * * *
The trapdoor spider bites you!
You die...

................!..
...............#..(..
......................
................P......
........................
#......................
##....................
........^.............
.......s@.............
....##...............
##.............
###...........
##.......... ..........
.......... .........
.....


You could see a trapdoor spider.

Table legend:
 A = Kills in this place as a percentage of kills in entire the game.
 B = Kills by you in this place as a percentage of kills by you in the entire game.
 C = Kills by friends in this place as a percentage of kills by friends in the entire game.
 D = Other kills in this place as a percentage of other kills in the entire game.
 E = Experience gained in this place as a percentage of experience gained in the entire game.
 F = Experience gained in this place divided by the number of levels of this place that you have seen.
                   A       B       C       D       E      F
               +-------+-------+-------+-------+-------+----------------------
         Total | 100.0 | 100.0 |  -nan |  -nan | 100.0 | 703.9
       Dungeon |  80.1 |  80.1 |  -nan |  -nan |  60.7 | 748.1
          Lair |  19.9 |  19.9 |  -nan |  -nan |  39.3 | 644.8
               +-------+-------+-------+-------+-------+----------------------

Vanquished Creatures
  A komodo dragon (Lair:3)
  A fire drake (D:8)
  A basilisk (Lair:5)
  Eustachio (D:8)
  A hungry ghost (D:8)
  3 hippogriffs
  Edmund (D:7)
  7 water moccasins
  5 porcupines
  2 orc warriors
  A phantom (D:7)
  A sky beast (D:7)
  An ice beast (D:6)
  A necrophage (D:5)
  A centaur (D:7)
  2 crocodiles
  5 ogres
  Sigmund (D:6)
  Duvessa (D:7)
  9 giant frogs
  Blork the orc (D:4)
  A wyvern zombie (D:7)
  A water moccasin zombie (D:7)
  2 scorpions
  3 killer bees
  Dowan (D:7)
  A crimson imp (D:7)
  A wasp zombie (D:8)
  A giant frog zombie (D:6)
  A gnoll shaman (D:4)
  3 orc priests
  2 jellies
  9 hounds
  3 giant frog skeletons
  9 orc wizards
  3 iguanas
  6 worker ants
  4 sheep (Lair:3)
  2 hound zombies (D:7)
  10 gnolls
  13 adders
  24 river rats
  A shadow imp (D:6)
  A giant mite (D:1)
  4 worms
  An adder zombie (D:5)
  2 adder skeletons
  2 giant geckos
  An ooze (D:3)
  33 orcs
  A bat skeleton (D:5)
  7 giant cockroaches
  14 goblins
  23 hobgoblins
  14 jackals
  8 quokkas
  8 bats
  A giant gecko zombie (D:6)
  8 giant newts
  A jackal zombie (D:6)
  14 kobolds
  A quokka skeleton (D:8)
  15 rats
  A butterfly (D:3)
308 creatures vanquished.

Action                   |  1- 3 |  4- 6 |  7- 9 | 10-12 || total
-------------------------+-------+-------+-------+-------++-------
Melee: Spear             |   135 |   289 |   295 |       ||   719
       Halberd           |       |       |   410 |   201 ||   611
Throw: Javelin           |       |       |    12 |     1 ||    13
Evoke: Wand              |       |     9 |       |       ||     9
  Use: Scroll            |     2 |     7 |     4 |     6 ||    19
       Potion            |       |     6 |     4 |     2 ||    12
 Stab: Sleeping          |     3 |       |     5 |     1 ||     9
       Confused          |       |     4 |       |       ||     4
  Eat: Chunk             |     2 |    11 |    22 |     5 ||    40
       Royal jelly       |       |       |     1 |       ||     1
       Fruit             |       |       |     3 |       ||     3

Vault maps used:
D:1:      shiori_arrival_whats_in_store_for_you
D:2:      kennysheep_generic_room_5
D:3:      xom_butterflies, fedhas_altar_2
D:4:      nemelex_deck, serial_shops, shop, uniq_blork_the_orc
D:5:      temple_garden, first_bread
D:6:      yredelemnul_altar_generic, uniq_sigmund
D:7:      amethyst_overflow_temple_binary, uniq_duvessa, uniq_edmund
D:8:      gammafunk_temple_overflow_elements, minmay_lair_entry_lava,
          uniq_eustachio
Lair:1:   lemuel_ratsnest
Lair:3:   minmay_swamp_entry_worms, beast_lair_carwin_2, lemuel_fruit_tree
Lair:4:   lab_entry_generic
Lair:5:   roderic_lost_polar_bear
Lair:6:   spider_nest_entry_webs, grunt_megastairs_3
